 Dungeon Crawl Stone Soup version 0.25.1-2-g60ff931df9 (webtiles) character file.

Game seed: 11003115358161446964

90 Borneo the Conjurer (level 4, -4/33 HPs)
             Began as a Demigod Conjurer on Oct 28, 2020.
             Slain by a phantom (7 damage)
             ... on level 3 of the Dungeon.
             The game lasted 00:05:53 (2549 turns).

Borneo the Conjurer (Demigod Conjurer)              Turns: 2549, Time: 00:05:53

Health: -4/33      AC:  2    Str: 11    XL:     4   Next: 11%
Magic:  1/10       EV: 13    Int: 21    God:
Gold:   95         SH:  0    Dex: 16    Spells: 2/8 levels left

rFire    . . .     SeeInvis .   (no weapon)
rCold    . . .     Gourm    .   (no shield)
rNeg     . . .     Faith    .   a - +0 robe
rPois    .         Spirit   .   (no helmet)
rElec    .         Reflect  .   (no cloak)
rCorr    .         Harm     .   (no gloves)
MR       .....                  (no boots)
Stlth    ++........             (no amulet)
HPRegen  0.11/turn              (no ring)
MPRegen  0.12/turn              (no ring)

@: no status effects
A: high mp 1
a: no special abilities


You were on level 3 of the Dungeon.
You were not hungry.

You visited 1 branch of the dungeon, and saw 3 of its levels.

You collected 95 gold pieces.

Inventory:

Armour
 a - a +0 robe (worn)
Scrolls
 d - a scroll of teleportation {unknown}
 e - 2 scrolls of remove curse {unknown}
 h - 2 scrolls of identify {unknown}
 j - a scroll of amnesia {unknown}
Potions
 b - a potion of curing {unknown}
 g - a potion of berserk rage {unknown}
 i - a potion of cancellation {unknown}
 k - a potion of flight {unknown}
Comestibles
 c - 5 rations


   Skills:
 + Level 2.1 Dodging
 + Level 2.0 Stealth
 + Level 0.1 Unarmed Combat
 + Level 2.7 Spellcasting
 + Level 4.5 Conjurations


You had 2 spell levels left.
You knew the following spells:

 Your Spells              Type           Power        Failure   Level  Hunger
a - Magic Dart            Conj           ###.         2%          1    None
b - Searing Ray           Conj           ###...       3%          2    ##.....
c - Dazzling Flash        Conj/Hex       ##....       16%         3    ###....

Your spell library contained the following spells:

 Spells                   Type           Power        Failure   Level  Hunger
 Fulminant Prism          Conj/Hex       ##........   47%         4    ####...
 Iskenderun's Mystic Bla  Conj/Tloc      ##......     47%         4    ####...


Dungeon Overview and Level Annotations

Branches:
Dungeon (3/15)


Innate Abilities, Weirdness & Mutations

You have an increased reservoir of magic. (+10% MP)


Message History

The phantom blinks!
The phantom blinks!
Casting: Magic Dart (safe; 2% risk of failure)
Confirm with . or Enter, or press ? or * to list all spells.
Aiming: Magic Dart (safe; 2% risk of failure)
Press: ? - help, Shift-Dir - straight line, f/p - phantom
Aim: a phantom (lightly damaged)
The magic dart hits the phantom.
The phantom is lightly damaged.
A worm comes into view.
The phantom hits you!
* * * LOW HITPOINT WARNING * * *
You miss the phantom.
The phantom is lightly damaged.
The phantom hits you.
* * * LOW HITPOINT WARNING * * *
You barely miss the phantom.
The phantom is lightly damaged.
The phantom hits you!
You die...

..# #......#####.##
#.# #......#
#.######÷.###
#.........## #
#........w.# #..
#<........'####
#....####..........#
#..........≈≈≈.....#
#....###..≈≈≈≈≈@...#
### #..≈≈♣≈≈W...#
#..≈≈≈≈≈....#
♣...≈≈≈...♣##
♣♣.......♣♣
♣♣[.)..♣♣ ♣♣)†.♣♣
♣.....♣ ♣.(....W♣


You could see a phantom and a worm.

Vanquished Creatures
  3 adders
  An ooze (D:1)
  A worm (D:3)
  2 dart slugs
  4 orcs (D:3)
  A giant cockroach (D:3)
  4 goblins
  8 hobgoblins
  3 jackals (D:1)
  6 kobolds
  A ball python (D:1)
  4 bats
  5 frilled lizards
  4 rats
  A spectral orc (D:2)
48 creatures vanquished.

Notes
Turn   | Place    | Note
-------+----------+-------------------------------------------
     0 | D:1      | Borneo the Demigod Conjurer began the quest for the Orb.
     0 | D:1      | Reached XP level 1. HP: 14/14 MP: 5/5
   372 | D:1      | Reached skill level 4 in Conjurations
   385 | D:1      | Reached XP level 2. HP: 20/20 MP: 0/7
  1256 | D:2      | Reached XP level 3. HP: 26/26 MP: 4/8
  1623 | D:2      | Found a basalt altar of Yredelemnul.
  1809 | D:2      | Found a sparkling altar of Nemelex Xobeh.
  2031 | D:2      | Found a shattered altar of Ashenzari.
  2173 | D:3      | Learned a level 2 spell: Searing Ray
  2177 | D:3      | Learned a level 3 spell: Dazzling Flash
  2457 | D:3      | Noticed a phantom
  2458 | D:3      | Reached XP level 4. HP: 33/33 MP: 0/10
  2503 | D:3      | Found a white marble altar of Elyvilon.
  2549 | D:3      | Slain by a phantom

Illustrated notes

Levels and vault maps discovered:
D:1:      dpeg_arrival_long_road, layout_rooms, minivault_19
D:2:      layout_loops_ring, yredelemnul_forgotten_temple_becter,
          lemuel_coloured_pillars_altar, first_ration,
          nemelex_lonely_heart_becter
D:3:      layout_basic, elyvilon_altar_3, uniq_terence

Skill      XL: |  1  2  3  4 |
---------------+-------------+-----
Conjurations   | 4 |  4.5
Spellcasting   | 2 |  2.7
Dodging        | 2 |  2.1
Stealth        | 2 |  2.0
Unarmed Combat | |  0.1

Action                   |  1- 3 |  4- 6 || total
-------------------------+-------+-------++-------
Melee: Unarmed           |    23 |     9 ||    32
 Cast: Magic Dart        |   104 |    11 ||   115
  Eat: Chunk             |     5 |     1 ||     6
Armor: Robe              |     3 |     1 ||     4
Dodge: Dodged            |    21 |     7 ||    28
